 Dungeon Crawl Stone Soup version 0.27.0-1-g7a089689b8 (webtiles) character file.

Game seed: 12001186874899250822

2 Spectrina the Ducker (level 1, 8/13 HPs)
             Began as a Deep Elf Monk on Aug 6, 2021.
             Was a Believer of Vehumet.
             Quit the game on level 2 of the Dungeon.
             The game lasted 00:01:01 (101 turns).

Spectrina the Ducker (Deep Elf Monk)                 Turns: 101, Time: 00:01:01

Health: 8/13       AC:  2    Str:  8    XL:     1   Next: 25%
Magic:  4/4        EV: 17    Int: 14    God:    Vehumet [**....]
Gold:   0          SH:  0    Dex: 17    Spells: 1/2 levels left

rFire    . . .     SeeInvis .   a - +0 short sword
rCold    . . .     Faith    .   (no shield)
rNeg     . . .     Spirit   .   b - +0 robe
rPois    .         Reflect  .   (no helmet)
rElec    .         Harm     .   (no cloak)
rCorr    .         Rampage  .   (no gloves)
Will     .....                  (no boots)
Stlth    ++........             (no amulet)
HPRegen  0.04/turn              c - +4 ring of evasion
MPRegen  0.09/turn              (no ring)

@: no status effects
A: no striking features
a: Renounce Religion


You were on level 2 of the Dungeon.
You worshipped Vehumet.
Vehumet was pleased with you.
You visited 1 branch of the dungeon, and saw 2 of its levels.

Inventory:

Hand Weapons
 a - a +0 short sword (weapon)
Armour
 b - a +0 robe (worn)
Jewellery
 c - a +4 ring of evasion (left hand)


   Skills:
 - Level 2.4 Fighting
 - Level 3.0 Short Blades
 - Level 3.6 Dodging
 - Level 2.4 Stealth
 + Level 1.0 Spellcasting


You had one spell level left.
You knew the following spells:

 Your Spells              Type           Power      Damage    Failure   Level
a - Magic Dart            Conj           0%         1d3       26%         1

Your spell library contained the following spells:

 Spells                   Type           Power      Damage    Failure   Level
 Searing Ray              Conj           0%         3d3       36%         2
 Portal Projectile        Hex/Tloc       0%         N/A       61%         3
 Blade Hands              Tmut           0%         N/A       100%        5
 Excruciating Wounds      Necr           0%         N/A       100%        5


Dungeon Overview and Level Annotations

Branches:
Dungeon (2/15)

Altars:
Vehumet


Message History

The rat closely misses you.
You hit the rat.
You kill the rat!
Vehumet accepts your kill.
You see here a rat corpse.
Found 20 arrows.
Magic restored.
You see here a rat corpse.
There is a stone staircase leading down here.
You climb downwards.
There is a stone staircase leading up here.
Memorise Magic Dart, consuming 1 spell level and leaving 0?
Vehumet grants you knowledge of Magic Dart.
You start memorising the spell.
You continue memorising.
You finish memorising.
You add the spell Magic Dart to your library.
Spell assigned to 'a'.
A frilled lizard comes into view.
The frilled lizard hisses angrily.
A frilled lizard is nearby!
A frilled lizard is nearby!
A frilled lizard is nearby!
A frilled lizard is nearby!
A frilled lizard is nearby!
You hit the frilled lizard but do no damage.
The frilled lizard bites you.
You closely miss the frilled lizard. The frilled lizard barely misses you.
You barely miss the frilled lizard. The frilled lizard closely misses you.
You miss the frilled lizard. The frilled lizard barely misses you.
You hit the frilled lizard.
You kill the frilled lizard!
Vehumet accepts your kill.
Vehumet offers you knowledge of Searing Ray.
Your Spellcasting skill increases to level 1!
You're too inexperienced to learn that spell!
Found a book of Weapons.
Found a scroll labelled WOSOLIO YCSEA.
You pick up a book of Weapons and begin reading...
You add the spells Portal Projectile, Excruciating Wounds and Blade Hands to your library.
Are you sure you want to abandon this character and quit the game? (Confirm with "yes".)

..# ###########.##
#............# ##
#.###....##..# #.
#.###..#.##..###.
#.#....#.##.<....
##.#.#..#.#######.
#....#....#######.
#@#..#............
#.#....###########
#.#.#### #?..#
#####


There were no monsters in sight!

Vanquished Creatures
  A frilled lizard (D:2)
  2 rats (D:1)
3 creatures vanquished.

Notes
Turn   | Place    | Note
-------+----------+-------------------------------------------
     0 | D:1      | Spectrina the Deep Elf Monk began the quest for the Orb.
     0 | D:1      | Reached XP level 1. HP: 13/13 MP: 3/3
    14 | D:1      | Found a faded altar of an unknown god.
    30 | D:1      | Became a worshipper of Vehumet
    30 | D:1      | Reached * piety under Vehumet
    30 | D:1      | Offered knowledge of Magic Dart by Vehumet.
    30 | D:1      | Reached ** piety under Vehumet
    78 | D:2      | Learned a level 1 spell: Magic Dart
    86 | D:2      | Offered knowledge of Searing Ray by Vehumet.
    87 | D:2      | Reached skill level 1 in Spellcasting
   101 | D:2      | Quit the game

Illustrated notes

Levels and vault maps discovered:
D:1:      wander_arrival_estate, layout_loops_ring,
          ebering_ecumenical_altar_petrified
D:2:      layout_basic, minmay_misc_feat_columns

Skill      XL: |  1 |
---------------+----+-----
Spellcasting   | 1 |  1.0
Fighting       | |  2.4
Short Blades   | |  3.0
Dodging        | |  3.6
Stealth        | |  2.4

Action                   || total
-------------------------++-------
Melee: Short sword       ||    14
Dodge: Dodged            ||     9
